AoeStats
← lordvios

Black Forest

508155079Analyzed
3v3 RM · 11d ago on Sep 21, 2026· 61m 15s· 6 players
Game mode
Random Map
Map size
Normal (6 player)
Population
200
Speed
Normal
Resources
Standard
Victory
Conquest
Starting age
Dark Age
Ending age
Imperial Age
RankedLock teamsTeams togetherTeam positionsShared explorationLock speedFull tech treeHidden civsTurbo modeCheats
Victory
Defeat
🇨🇳 Shu · China
694
+19
🇦🇷 Bohemians · Argentina
690
+19
🇦🇷 Chinese · Argentina
687
+19
🇺🇾 Burgundians · Uruguay
799
-22
🇲🇽 Aztecs · Mexico
731
-18
🇺🇸 Sicilians · United States
718
-17
lordvios
1:20 Loom
16:49 Feudal Age
19:36 Town Watch
21:11 Wheelbarrow
23:25 Castle Age
24:38 Fishing Lines
32:44 Gillnets
34:24 Hand Cart
34:34 Double-Bit Axe
34:32 Horse Collar
37:13 Town Patrol
38:17 Bow Saw
38:11 Heavy Plow
38:26 Forging
38:17 Scale Mail Armor
38:58 Atlatl
43:17 Imperial Age
41:59 Stone Mining
42:09 Gold Mining
44:27 Conscription
44:07 Gambesons
44:22 Squires
44:08 Arson
43:44 Eagle Warrior
45:23 Redemption
45:14 Atonement
45:24 Fervor
45:29 Block Printing
45:40 Illumination
45:15 Devotion
45:36 Sanctity
45:52 Theocracy
45:12 Herbal Medicine
46:10 Sanctity
45:51 Devotion
46:29 Heresy
46:16 Herbal Medicine
46:36 Fervor
48:08 Theocracy
48:51 Pikeman
49:33 Onager
SoapyCoder
11:25 Feudal Age
13:01 Wheelbarrow
15:18 Gold Mining
15:17 Double-Bit Axe
22:22 Castle Age
20:13 Horse Collar
21:49 Forging
21:16 Man-at-Arms
24:09 Scale Mail Armor
25:42 Hand Cart
26:50 Gold Shaft Mining
27:14 Squires
26:59 Long Swordsman
32:33 Arson
32:37 Gambesons
34:21 Iron Casting
37:58 Chain Mail Armor
39:23 Ballistics
41:37 Imperial Age
40:13 Caravan
40:48 Fervor
41:12 Bow Saw
41:06 Heavy Plow
43:18 Blast Furnace
42:49 Plate Mail Armor
42:35 Guilds
42:11 Two-Handed Swordsman
43:16 Champion
45:38 Chemistry
44:44 Siege Engineers
45:57 Conscription
45:47 Hauberk
45:54 Town Watch
49:23 Town Patrol
49:00 Onager
51:45 Crop Rotation
51:11 Stone Mining
57:16 Siege Onager
RAKA
0:33 Loom
9:16 Double-Bit Axe
14:31 Feudal Age
13:40 Wheelbarrow
22:17 Castle Age
21:12 Padded Archer Armor
26:32 Scale Barding Armor
26:29 Scale Mail Armor
26:41 Forging
31:01 Hand Cart
30:57 Horse Collar
33:19 Chain Mail Armor
33:39 Iron Casting
35:04 Chain Barding Armor
35:20 Iron Casting
35:23 Squires
37:06 Gold Mining
40:05 Imperial Age
39:08 Caravan
41:34 Burgundian Vineyards
40:51 Elite Coustillier
41:49 Fortified Wall
42:02 Ballistics
43:09 Chemistry
42:05 Murder Holes
44:58 Elite Coustillier
57:05 Flemish Revolution
JoelReagan
0:26 Loom
14:30 Feudal Age
17:43 Horse Collar
17:51 Double-Bit Axe
18:32 Man-at-Arms
22:22 Arson
27:40 Scale Mail Armor
27:50 Forging
27:31 Fletching
27:46 Gold Mining
33:48 Castle Age
34:12 Long Swordsman
36:28 Heavy Plow
37:14 Squires
37:30 Thumb Ring
38:28 Gold Shaft Mining
38:12 Bow Saw
38:52 Bodkin Arrow
39:45 Fortified Wall
39:56 Ballistics
39:55 Gambesons
41:57 Padded Archer Armor
42:13 Chain Mail Armor
43:38 Wheelbarrow
42:34 Crossbowman
42:36 Elite Skirmisher
44:17 Caravan
43:52 Pikeman
46:12 Hand Cart
47:02 Masonry
47:09 Leather Archer Armor
51:03 Imperial Age
49:21 Murder Holes
49:15 Town Watch
50:27 Scale Barding Armor
52:45 Chemistry
51:51 Siege Engineers
51:26 Two-Handed Swordsman
51:27 Arbalester
52:32 Champion
55:04 Bracer
55:34 Ring Archer Armor
55:35 Plate Mail Armor
55:55 Conscription
56:06 Bolt Magazine
59:55 Chain Barding Armor
ValenBernal6407
0:31 Loom
18:12 Feudal Age
18:58 Double-Bit Axe
18:56 Horse Collar
20:30 Gold Mining
20:32 Stone Mining
25:07 Castle Age
26:10 Bow Saw
29:35 Caravan
36:19 Imperial Age
36:18 Padded Archer Armor
36:09 Fletching
37:16 Fortified Wall
37:03 Murder Holes
36:34 Elite Skirmisher
37:19 Thumb Ring
37:54 Wheelbarrow
37:43 Heavy Plow
38:21 Gold Shaft Mining
38:25 Stone Shaft Mining
39:01 Hand Cart
38:32 Town Watch
39:19 Heavy Rocket Cart
40:24 Town Patrol
40:50 Conscription
41:56 Heated Shot
43:43 Leather Archer Armor
43:25 Bodkin Arrow
45:03 Ballistics
45:58 Two-Man Saw
45:44 Bracer
47:51 Chemistry
47:56 Scale Barding Armor
48:22 Ring Archer Armor
48:07 Bloodlines
47:58 Husbandry
50:07 Elite Chu Ko Nu
51:12 Cavalier
55:26 Chain Barding Armor
55:41 Masonry
MatiasBernal758
0:38 Loom
17:50 Feudal Age
19:05 Double-Bit Axe
23:10 Castle Age
21:52 Fishing Lines
25:03 Bow Saw
27:52 Wheelbarrow
29:20 Hand Cart
29:42 Horse Collar
32:50 Gillnets
34:15 Heavy Plow
39:09 Imperial Age
36:28 Pikeman
37:09 Squires
36:54 Arson
39:11 Chemistry
38:05 Town Watch
39:17 Murder Holes
41:30 Fervor
41:59 Caravan
43:13 Town Patrol
44:20 Two-Man Saw
43:32 Scale Barding Armor
43:27 Scale Mail Armor
43:28 Padded Archer Armor
43:39 Forging
43:37 Halberdier
48:50 Houfnice
50:53 Chain Barding Armor
50:49 Chain Mail Armor
50:49 Leather Archer Armor
50:25 Fletching
51:10 Iron Casting
50:48 Fortified Wall
55:44 Plate Mail Armor
55:45 Ring Archer Armor
55:10 Bodkin Arrow
56:16 Blast Furnace
55:54 Bombard Tower
55:48 Wagenburg Tactics
59:36 Bracer
Connection lost

Rejoining the realm…

Still unreachable

The connection could not be restored.

Session expired

The server has moved on; the page needs a fresh start.